 Dungeon Crawl Stone Soup version 0.17.0-18-gaab0e96 (webtiles) character file.

121 st0uf the Conjurer (level 4, -12/36 HPs)
             Began as a Draconian Conjurer on Nov 12, 2015.
             Mangled by an orc warrior
             ... wielding a +0 trident
              (21 damage)
             ... on level 3 of the Dungeon.
             The game lasted 00:12:37 (3175 turns).

st0uf the Conjurer (Draconian Conjurer)             Turns: 3175, Time: 00:12:37

Health: -12/36     AC:  5    Str: 10    XL:     4   Next: 76%
Magic:  4/8        EV: 12    Int: 16    God:
Gold:   135        SH:  0    Dex: 12    Spells: 2 memorised, 6 levels left

rFire  . . .     SeeInvis .       - Unarmed
rCold  . . .     Clarity  .     (armour unavailable)
rNeg   . . .     SustAt   .     (no shield)
rPois  .         Gourm    .     (helmet restricted)
rElec  .         Spirit   .     (no cloak)
rCorr  .         Warding  .     (no gloves)
rMut   .         Stasis   .     (no boots)
MR     .....                    (no amulet)
Stlth  ++........               (no ring)
                                (no ring)

@: not resistant to hostile enchantments, unstealthy
A: unfitting armour, cold-blooded, AC +5
a: no special abilities


You were on level 3 of the Dungeon.
You were hungry.

You visited 1 branch of the dungeon, and saw 3 of its levels.

You collected 135 gold pieces.

Inventory:

Missiles
 n - a throwing net (quivered)
Jewellery
 g - a cursed ring of loudness {unknown}
 k - an uncursed ring of see invisible {unknown}
Scrolls
 d - 2 scrolls of remove curse {unknown}
 e - 2 scrolls of identify {unknown}
 f - a scroll of teleportation {unknown}
 h - 3 scrolls of fog {unknown}
 j - a scroll of amnesia {unknown}
 l - 3 scrolls of fear {unknown}
 m - a scroll of blinking {unknown}
Potions
 c - 2 potions of degeneration {unknown}
 i - 3 potions of haste {unknown}
 p - a potion of agility {unknown}
Books
 a - a book of Conjurations

   Spells                             Type                      Level
   a - Magic Dart                     Conjuration                  1
   b - Searing Ray                    Conjuration                  2
   c - Dazzling Spray                 Conjuration/Hexes            3
   d - Fulminant Prism                Conjuration/Hexes            4
   e - Iskenderun's Mystic Blast      Conjuration                  4
   f - Iskenderun's Battlesphere      Conjuration/Charms           5
Comestibles
 b - a bread ration
 o - a chunk of flesh


   Skills:
 + Level 1.6 Fighting
 + Level 2.5 Dodging
 - Level 1.7 Stealth
 + Level 1.7 Unarmed Combat
 + Level 3.0 Spellcasting
 + Level 4.4 Conjurations


You had 6 spell levels left.
You knew the following spells:

 Your Spells              Type           Power        Failure   Level  Hunger
a - Magic Dart            Conj           ###.         3%          1    #......
b - Searing Ray           Conj           ###...       6%          2    ##.....


Dungeon Overview and Level Annotations

Branches:
Dungeon (3/15)

Altars:


Innate Abilities, Weirdness & Mutations

Your plain brown scales are hard (AC +5).
Your body does not fit into most forms of armour.
You are cold-blooded and may be slowed by cold attacks.


Message History

Found a spear.
You see here a helmet.
Casting: Magic Dart
Confirm with . or Enter, or press ? or * to list all spells.
Aiming: Searing Ray
Press: ? - help, Shift-Dir - straight line, f - orc warrior
Aim: an orc warrior, wielding a trident and wearing a chain mail The searing ray hits the orc warrior.
The orc warrior is lightly wounded.
You are feeling hungry.
The searing ray hits the orc warrior.
The orc warrior is lightly wounded.
The orc warrior hits you from afar with a trident!!
Ouch! That really hurt!
* * * LOW HITPOINT WARNING * * *
The searing ray hits the orc warrior.
The orc warrior is lightly wounded.
The orc warrior hits you from afar with a trident!!
Ouch! That really hurt!
You die...

###.### .# #.# .# #.# .# #.# .#
#.# #.# #.# #####
#.###.############## ....#
.....).@..[.....# ##### ###.#
##.##.##.######.####.... #.#
#.## ##o# #.........
#.#######.# .##.###########..##
#.......#.##.##...........>....
######.............########..##
#......?...#. ###..#
##....##.##.o....####....#
#......).................##


You could see an orc warrior and an orc (wandering).

Vanquished Creatures
  2 gnolls (D:1)
  2 adders (D:3)
  4 worms
  5 giant geckos
  An orc (D:3)
  9 goblins
  9 hobgoblins
  A quokka (D:2)
  9 bats
  5 giant cockroaches
  3 giant newts
  3 jackals (D:2)
  7 kobolds
  4 rats
64 creatures vanquished.

Notes
Turn   | Place    | Note
--------------------------------------------------------------
     0 | D:1      | st0uf the Draconian Conjurer began the quest for the Orb.
     0 | D:1      | Reached XP level 1. HP: 14/14 MP: 3/3
   155 | D:1      | Reached XP level 2. HP: 10/22 MP: 0/5
   380 | D:1      | Reached skill level 1 in Unarmed Combat
   687 | D:1      | Reached XP level 3. HP: 25/27 MP: 0/6
  1498 | D:2      | Reached skill level 1 in Fighting
  1689 | D:2      | Reached XP level 4. HP: 30/35 MP: 2/7
  2878 | D:3      | Learned a level 2 spell: Searing Ray
  3109 | D:3      | Noticed an orc warrior
  3175 | D:3      | Mangled by an orc warrior

Action                   |  1- 3 |  4- 6 || total
-------------------------+-------+-------++-------
Melee: Unarmed           |    42 |     9 ||    51
 Cast: Magic Dart        |    85 |    72 ||   157
       Searing Ray       |       |     2 ||     2
  Eat: Chunk             |     3 |     5 ||     8
